 Dungeon Crawl Stone Soup version 0.31-a0-1352-gc98d92d (webtiles) character file.

Game seed: 7877768668380963773

233 HulliHoarder the Cruncher (level 6, -3/47 HPs)
             Began as a Gnoll Wanderer on Dec 22, 2023.
             Slain by a killer bee (7 damage)
             ... on level 4 of the Dungeon.
             The game lasted 00:06:23 (2153 turns).

HulliHoarder the Cruncher (Gnoll Wanderer)          Turns: 2153, Time: 00:06:23

Health: -3/47      AC:  4    Str:  9    XL:     6   Next: 5%
Magic:  9/11       EV: 12    Int: 15    God:
Gold:   107        SH:  0    Dex: 12    Spells: 7/11 levels left

rFire   . . .        a - +2 quarterstaff
rCold   . . .        (shield currently unavailable)
rNeg    . . .        p - +0 leather armour
rPois   .            (no helmet)
rElec   .            b - +0 cloak
rCorr   .            (no gloves)
SInv    .            (no boots)
Will    +....        k - amulet of the acrobat
Stlth   ++           (no ring)
HPRegen 0.27/turn    (no ring)
MPRegen 0.12/turn

%: acrobat
@: enlightened, flying
A: fangs 1, strong nose, distributed training
a: no special abilities


You were on level 4 of the Dungeon.
You visited 1 branch of the dungeon, and saw 4 of its levels.

You collected 107 gold pieces.

Inventory:

Hand Weapons
 a - a +2 quarterstaff (weapon)
Missiles
 i - 10 poisoned darts (quivered)
 l - 6 atropa-tipped darts
Armour
 b - a +0 cloak (worn)
 d - a +0 robe
 o - an orb of energy
 p - a +0 leather armour (worn)
Magical Staves
 m - a staff of earth
Jewellery
 k - an amulet of the acrobat (around neck)
Scrolls
 c - 2 scrolls of blinking
 e - a scroll of fear {unknown}
 f - a scroll of teleportation {unknown}
 j - 2 scrolls of identify {unknown}
 n - a scroll of enchant weapon {unknown}
Potions
 g - 2 potions of curing
 h - 2 potions of enlightenment


   Skills:
 + Level 3.2 Fighting
 + Level 1.8 Short Blades
 + Level 1.8 Long Blades
 + Level 1.8 Axes
 + Level 1.8 Maces & Flails
 + Level 1.8 Polearms
 + Level 8.7 Staves
 + Level 1.8 Ranged Weapons
 + Level 1.8 Throwing
 + Level 1.8 Armour
 + Level 3.2 Dodging
 + Level 4.5 Stealth
 + Level 1.8 Shields
 + Level 1.8 Unarmed Combat
 + Level 3.3 Spellcasting
 + Level 1.4 Conjurations
 + Level 2.6 Hexes
 + Level 1.4 Summonings
 + Level 1.4 Necromancy
 + Level 1.4 Translocations
 + Level 1.4 Fire Magic
 + Level 1.4 Ice Magic
 + Level 1.4 Air Magic
 + Level 1.4 Earth Magic
 + Level 1.4 Alchemy
 + Level 2.0 Invocations
 + Level 1.8 Evocations
 + Level 1.6 Shapeshifting


You had 7 spell levels left.
You knew the following spells:

 Your Spells              Type           Power      Damage    Failure   Level
a - Slow                  Hex            40%        N/A       9%          1
b - Sigil of Binding      Hex            10%        N/A       26%         3

Your spell library contained the following spells:

 Spells                   Type           Power      Damage    Failure   Level


Dungeon Overview and Level Annotations

Branches:
Dungeon (4/15)
 Temple: D:4-7

Altars:
Sif Muna
Uskayaw

Shops:
D:3 [

Annotations:
D:2 Sigmund


Innate Abilities, Weirdness & Mutations

You have very sharp teeth.
Your uncanny sense of smell can sniff out nearby items.
Your experience applies equally to all skills.


Message History

The killer bee completely misses you. The killer bee closely misses you.
The killer bee barely misses you.
The killer bee attacks as it pursues you!
The killer bee barely misses you. The killer bee completely misses you.
The killer bee completely misses you.
You miss the killer bee. The killer bee closely misses you. x2
Throw: 11 darts (poison)
Press: ? - help, Q - select action, (/) - cycle Shift-Dir - straight line, f/p - killer bee
Aim: a killer bee (severely wounded, 19% to hit)
You throw a poisoned dart.
The poisoned dart completely misses the killer bee.
The poisoned dart misses the killer bee.
The poisoned dart hits the killer bee.
The killer bee is poisoned.
The killer bee is severely wounded.
The killer bee closely misses you. The killer bee stings you.
* * * LOW HITPOINT WARNING * * *
You are lethally poisoned!
The killer bee poisons you!
It was a potion of enlightenment.
You feel very buoyant.
You fly up into the air.
* * * LOW HITPOINT WARNING * * *
You feel sick.
You kill the killer bee!
The killer bee stings you.
* * * LOW HITPOINT WARNING * * *
You are more poisoned.
The killer bee poisons you!
The killer bee stings you but does no damage.
Your Invocations skill increases to level 2!
You have reached level 6!
You feel better.
The killer bee stings you but does no damage.
The killer bee stings you.
* * * LOW HITPOINT WARNING * * *
You barely miss the killer bee. The killer bee stings you.
* * * LOW HITPOINT WARNING * * *
You miss the killer bee. The killer bee stings you!
You die...

#.# #.# #.# #.# #.#
#.# #.# ######## #@#
#....... #y#
###.######
#####y#######.........
#...(yy.......#.......
#.#...###.##.........#
#.#†### #.#########.##
#.#.# #.# #.## #.#(#
#.# #.## #.#.# #.#
#.##


You could see 4 killer bees.

Vanquished Creatures
  2 killer bees (D:4)
  An orc priest (D:4)
  6 adders
  3 dart slugs
  2 orcs (D:4)
  8 ball pythons
  7 bats
  4 endoplasms (D:1)
  2 giant cockroaches
  3 goblins
  2 hobgoblins
  A kobold (D:3)
  4 quokkas
  3 frilled lizards
  6 rats
54 creatures vanquished.

Notes
Turn   | Place    | Note
-------+----------+-------------------------------------------
     0 | D:1      | HulliHoarder the Gnoll Wanderer began the quest for the
                  | Orb.
     0 | D:1      | HulliHoarder set off with the following items: a +2
                  | quarterstaff, a +0 cloak, a scroll of blinking, a +0 robe;
                  | and the following spell memorised: Slow; and the following
                  | spells available to memorise: Sigil of Binding.
     0 | D:1      | Reached XP level 1. HP: 17/17 MP: 4/4
    90 | D:1      | Reached XP level 2. HP: 23/23 MP: 5/5
   540 | D:1      | Reached XP level 3. HP: 21/28 MP: 7/7
   547 | D:1      | Learned a level 3 spell: Sigil of Binding
   773 | D:2      | Reached skill level 1 in Invocations
   976 | D:2      | Reached skill level 1 in Short Blades
   976 | D:2      | Reached skill level 1 in Long Blades
   976 | D:2      | Reached skill level 1 in Axes
   976 | D:2      | Reached skill level 1 in Maces & Flails
   976 | D:2      | Reached skill level 1 in Polearms
   976 | D:2      | Reached skill level 1 in Ranged Weapons
   976 | D:2      | Reached skill level 1 in Throwing
   976 | D:2      | Reached skill level 1 in Armour
   976 | D:2      | Reached skill level 1 in Shields
   976 | D:2      | Reached skill level 1 in Unarmed Combat
   976 | D:2      | Reached skill level 1 in Evocations
  1019 | D:2      | Reached skill level 1 in Shapeshifting
  1019 | D:2      | Reached XP level 4. HP: 34/34 MP: 8/8
  1039 | D:2      | Noticed Sigmund
  1056 | D:3      | Found Yrphias's Armour Shoppe.
  1409 | D:3      | Found a hide-covered altar of Uskayaw.
  1534 | D:3      | Reached skill level 1 in Conjurations
  1534 | D:3      | Reached skill level 1 in Summonings
  1534 | D:3      | Reached skill level 1 in Necromancy
  1534 | D:3      | Reached skill level 1 in Translocations
  1534 | D:3      | Reached skill level 1 in Fire Magic
  1534 | D:3      | Reached skill level 1 in Ice Magic
  1534 | D:3      | Reached skill level 1 in Air Magic
  1534 | D:3      | Reached skill level 1 in Earth Magic
  1534 | D:3      | Reached skill level 1 in Alchemy
  1913 | D:4      | Reached XP level 5. HP: 17/40 MP: 7/9
  2028 | D:4      | Found a shimmering blue altar of Sif Muna.
  2150 | D:4      | HP: 2/41 [killer bee (3)]
  2151 | D:4      | Reached XP level 6. HP: 2/47 MP: 9/11
  2153 | D:4      | Slain by a killer bee

Illustrated notes

Levels and vault maps discovered:
D:1:      psy_arrival_conway, layout_loops_cross, serial_rivers,
          chequers_serial_rivers_room_b, chequers_serial_rivers_micro_b,
          chequers_serial_rivers_small_b, chequers_serial_rivers_marsh,
          chequers_serial_rivers_small_a, chequers_serial_rivers_micro_d
D:2:      minmay_evil_eye, layout_loops_cross, uniq_sigmund
D:3:      layout_basic, nicolae_overflow_hidden_temple, serial_shops,
          nicolae_shop_statue_plus
D:4:      layout_loops_ring, tso_altar, nemelex_dance_club_becter,
          lemuel_blue_sif_altar, bloody_trog, uniq_menkaure

Skill      XL: |  1  2  3  4  5 |
---------------+----------------+-----
Hexes          | 2 |  2.6
Invocations    | 1 2 |  2.0
Short Blades   | 1 |  1.8
Long Blades    | 1 |  1.8
Axes           | 1 |  1.8
Maces & Flails | 1 |  1.8
Polearms       | 1 |  1.8
Ranged Weapons | 1 |  1.8
Throwing       | 1 |  1.8
Armour         | 1 |  1.8
Shields        | 1 |  1.8
Unarmed Combat | 1 |  1.8
Evocations     | 1 |  1.8
Shapeshifting  | 1 |  1.6
Spellcasting   | 3 |  3.3
Conjurations   | 1 |  1.4
Summonings     | 1 |  1.4
Necromancy     | 1 |  1.4
Translocations | 1 |  1.4
Fire Magic     | 1 |  1.4
Ice Magic      | 1 |  1.4
Air Magic      | 1 |  1.4
Earth Magic    | 1 |  1.4
Alchemy        | 1 |  1.4
Fighting       | 3 |  3.2
Dodging        | 3 |  3.2
Staves         | |  8.7
Stealth        | |  4.5

Action                     |  1- 3 |  4- 6 || total
---------------------------+-------+-------++-------
  Melee: Quarterstaff      |    74 |    56 ||   130
         Bite              |     6 |     8 ||    14
  Throw: Dart              |     3 |     4 ||     7
   Cast: Slow              |     3 |     1 ||     4
    Use: Potion            |       |     3 ||     3
   Stab: Sleeping          |     8 |     3 ||    11
 Armour: Robe              |    27 |     8 ||    35
         Leather armour    |       |    19 ||    19
  Dodge: Dodged            |    43 |    69 ||   112

Table legend: (Time is in decaauts)
 A = Elapsed time spent in this place.
 B = Non-inter-level travel time spent in this place.
 C = Inter-level travel time spent in this place.
 D = Time resting spent in this place.
 E = Time spent auto-exploring this place.
 F = Levels seen in this place.
 G = Mean time per level.
                   A        B        C        D        E       F      G
               +--------+--------+--------+--------+--------+-----+--------+
         Total |   2145 |   2105 |     40 |    109 |   1473 |   4 |  536.2 |
       Dungeon |   2145 |   2105 |     40 |    109 |   1473 |   4 |  536.2 |
               +--------+--------+--------+--------+--------+-----+--------+

Top non-repeatable levels by time:
     D:3: 808 daAuts
     D:1: 743 daAuts
     D:2: 313 daAuts
     D:4: 281 daAuts
